 Dungeon Crawl Stone Soup version 0.30.0-5-g1a98f26d00 (webtiles) character file.

Game seed: 7325104263813402482

83048 zazu2006 the Protected (level 15, -13/118 HPs)
             Began as a Gnoll Wanderer on May 9, 2023.
             Was a High Priest of Vehumet.
             Mangled by a shambling mangrove (23 damage)
             ... on level 2 of the Swamp on May 10, 2023.
             The game lasted 01:06:03 (20288 turns).

zazu2006 the Protected (Gnoll Wanderer)            Turns: 20288, Time: 01:06:05

Health: -13/118    AC: 17    Str: 12    XL:     15   Next: 75%
Magic:  23/30      EV: 14    Int: 16    God:    Vehumet [*****.]
Gold:   1609       SH: 13    Dex: 20    Spells: 25/37 levels left

rFire   . . .        s - +7 Throatcutter {drain, coup de grace}
rCold   . . .        x - +0 kite shield
rNeg    . . .        N - +0 acid dragon scales
rPois   +            l - +0 helmet
rElec   .            (no cloak)
rCorr   +            G - +0 pair of gloves
SInv    .            R - +3 pair of seven-league boots {Rampage+∞}
Will    +....        E - amulet of regeneration
Stlth   ++++++       f - ring of poison resistance
HPRegen 1.19/turn    w - ring of the Everdark {Fly rCorr Dex+6 Stlth+}
MPRegen 0.22/turn

%: rampage+∞
@: grasped by roots, flying, constricted
A: fangs 1, strong nose, distributed training
a: Renounce Religion


You were on level 2 of the Swamp.
You worshipped Vehumet.
Vehumet was extremely pleased with you.
You visited 5 branches of the dungeon, and saw 21 of its levels.
You also visited: Sewer and Bailey.

You collected 1609 gold pieces.

Inventory:

Hand Weapons
 s - the +7 Throatcutter (weapon) {drain, coup de grace}
   (You found it on level 4 of the Dungeon)
 P - the +6 dagger "Dragonslayer" {flame, Dex+8}
   (You found it on level 9 of the Dungeon)

   Dex:       It affects your dexterity (+8).
Missiles
 W - a throwing net
Armour
 d - a +2 scale mail
 l - a +0 helmet (worn)
 x - a +0 kite shield (worn)
 z - a scarf of shadows
 G - a +0 pair of gloves (worn)
 N - +0 acid dragon scales (worn)
 R - the +3 pair of seven-league boots (worn) {Rampage+∞}
   (You found it on level 5 of the Lair of Beasts)

   Rampage+∞: When moving toward enemies, its wearer moves as far as possible.
Jewellery
 f - a ring of poison resistance (left hand)
 i - a ring of see invisible
 w - the ring of the Everdark (right hand) {Fly rCorr Dex+6 Stlth+}
   (You found it on level 4 of the Dungeon)

   [ring of dexterity]

   Dex:       It affects your dexterity (+6).
   Fly:       It grants you flight.
   rCorr:     It protects you from acid and corrosion.
   Stlth:     It makes you more stealthy.
 E - an amulet of regeneration (around neck)
 J - a ring of protection from cold
Wands
 j - a wand of light (17)
 o - a wand of flame (14)
 B - a wand of roots (32)
 C - a wand of mindburst (10)
 D - a wand of paralysis (23)
Scrolls
 a - a scroll of enchant armour
 b - a scroll of silence
 c - 6 scrolls of teleportation
 g - 4 scrolls of fog
 h - 2 scrolls of blinking
 m - 2 scrolls of magic mapping
 q - 2 scrolls of butterflies
 u - 2 scrolls of noise
 y - 2 scrolls of poison
 H - 5 scrolls of fear
 I - a scroll of identify
Potions
 e - 2 potions of magic
 k - 3 potions of cancellation
 p - 2 potions of lignification
 r - 6 potions of haste
 t - a potion of brilliance
 v - 5 potions of might
 A - 3 potions of ambrosia
 F - 5 potions of curing
 S - 2 potions of resistance


   Skills:
 + Level 11.0 Fighting
 + Level 10.7 Short Blades
 + Level 10.7 Long Blades
 + Level 10.7 Axes
 + Level 10.7 Maces & Flails
 + Level 10.7 Polearms
 + Level 10.7 Staves
 + Level 10.7 Ranged Weapons
 + Level 10.7 Throwing
 + Level 13.5 Armour
 + Level 10.7 Dodging
 + Level 11.0 Stealth
 + Level 10.7 Shields
 + Level 10.7 Unarmed Combat
 + Level 11.8 Spellcasting
 + Level 9.0 Conjurations
 + Level 9.0 Hexes
 + Level 9.8 Summonings
 + Level 9.0 Necromancy
 + Level 9.0 Translocations
 + Level 9.0 Transmutations
 + Level 9.0 Fire Magic
 + Level 9.0 Ice Magic
 + Level 9.0 Air Magic
 + Level 9.0 Earth Magic
 + Level 9.0 Poison Magic
 + Level 11.6 Invocations
 + Level 10.7 Evocations


You had 25 spell levels left.
You knew the following spells:

 Your Spells              Type           Power      Damage    Failure   Level
a - Shock                 Conj/Air       100%       1d9       1%          1
b - Stone Arrow           Conj/Erth      76%        3d11      1%          3
c - Dazzling Flash        Conj/Hex       76%        N/A       1%          3
d - Fireball              Conj/Fire      19%        3d9       4%          5

Your spell library contained the following spells:

 Spells                   Type           Power      Damage    Failure   Level
 Plasma Beam              Fire/Air       19%        2x1d33    24%         6
 Apportation              Tloc           76%        N/A       1%          1
 Necrotise                Necr           100%       1d9       1%          1
 Slow                     Hex            100%       N/A       1%          1
 Summon Small Mammal      Summ           100%       N/A       1%          1
 Ensorcelled Hibernation  Hex/Ice        76%        N/A       1%          2
 Confusing Touch          Hex            38%        N/A       1%          3
 Frozen Ramparts          Ice            76%        1d12      1%          3
 Gell's Gravitas          Tloc           38%        N/A       1%          3
 Inner Flame              Hex/Fire       38%        N/A       1%          3
 Spider Form              Tmut/Pois      38%        N/A       1%          3
 Summon Guardian Golem    Hex/Summ       39%        N/A       1%          3
 Teleport Other           Tloc           38%        N/A       1%          3
 Vampiric Draining        Necr           38%        2d8       1%          3
 Volatile Blastmotes      Fire/Tloc      76%        2d16      1%          3
 Flame Wave               Conj/Fire      38%        2d10      1%          4
 Fulminant Prism          Conj/Hex       19%        3d10      1%          4
 Iskenderun's Mystic Bla  Conj/Tloc      38%        2d9       1%          4
 Sticky Flame             Conj/Fire      38%        2d6       1%          4
 Iskenderun's Battlesphe  Conj           38%        2d9       4%          5
 Lee's Rapid Deconstruct  Erth           19%        3d11*     4%          5
 Animate Armour           Summ/Erth      78%        N/A       5%          4
 Summon Ice Beast         Ice/Summ       39%        N/A       5%          4
 Anguish                  Hex/Necr       19%        N/A       6%          4
 Animate Dead             Necr           38%        N/A       6%          4
 Cause Fear               Hex            19%        N/A       6%          4
 Ice Form                 Ice/Tmut       38%        N/A       6%          4
 Passage of Golubria      Tloc           38%        N/A       6%          4
 Agony                    Necr           38%        N/A       17%         5
 Silence                  Hex/Air        19%        N/A       17%         5
 Conjure Ball Lightning   Conj/Air       19%        3x3d6     24%         6
 Dispersal                Tloc           19%        N/A       67%         6
 Spellforged Servitor     Conj/Summ      19%        N/A       71%         7
 Orb of Destruction       Conj           19%        9d8       75%         7
 Enfeeble                 Hex            19%        N/A       99%         7
 Haunt                    Necr/Summ      19%        N/A       99%         7
 Malign Gateway           Summ/Tloc      19%        N/A       99%         7
 Infestation              Necr           19%        N/A       100%        8
 Lehudib's Crystal Spear  Conj/Erth      19%        10d6      100%        8
 Summon Horrible Things   Summ           20%        N/A       100%        8


Dungeon Overview and Level Annotations

Branches:
Dungeon (12/15)            Temple (1/1) D:4            Lair (5/5) D:10
  Swamp (2/4) Lair:3       Spider (1/4) Lair:3        Slime (0/5) Lair:4
    Orc (0/2) D:12          Sewer (visited)          Bailey (visited)

Altars:
Ashenzari
Cheibriados
Dithmenos
Elyvilon
Fedhas
Gozag
Hepliaklqana
Kikubaaqudgha
Makhleb
Nemelex Xobeh
Okawaru
Qazlal
Ru
Sif Muna
Trog
Uskayaw
Vehumet
Wu Jian
Xom
Yredelemnul
Zin
The Shining One
Jiyva
Lugonu

Shops:
D:4 *   D:9 =

Portals:
Abyss: Lair:5

Annotations:
D:12 Rupert


Innate Abilities, Weirdness & Mutations

You have very sharp teeth.
Your uncanny sense of smell can sniff out nearby items.
Your experience applies equally to all skills.


Message History

The grasping roots constrict you!
Unknown command.
Unknown command.
You hit the alligator but do no damage. You drain the alligator.
You bite the alligator, but do no damage.
The alligator is heavily wounded.
You block the spriggan rider's attack. You block the alligator's attack.
The alligator barely misses you. The grasping roots constrict you.
You hit the alligator. You bite the alligator.
The alligator is heavily wounded.
You block the alligator's attack. The alligator closely misses you.
You block the spriggan rider's attack.
Unknown command.
Unknown command.
You hit the alligator.
The alligator is heavily wounded.
The alligator bites you but does no damage.
The alligator tail-slaps you but does no damage.
The grasping roots constrict you!
The spriggan rider hits you from afar with a +0 spear!
* * * LOW HITPOINT WARNING * * *
The alligator bites you but does no damage.
The alligator tail-slaps you but does no damage.
Blink to where?
Press: ? - help, Dir - move target The roots grasp on you weakens, but your attempt to escape fails.
As you read the scroll of blinking, it crumbles to dust.
The spriggan rider is no longer blind.
You block the spriggan rider's attack. The shambling mangrove hits you!!
* * * LOW HITPOINT WARNING * * *
The grasping roots constrict you. You block the alligator's attack.
The alligator tail-slaps you but does no damage.
You feel much better.
The spriggan rider hits you from afar with a +0 spear!
* * * LOW HITPOINT WARNING * * *
The alligator bites you.
* * * LOW HITPOINT WARNING * * *
The alligator tail-slaps you but does no damage.
The shambling mangrove hits you!!
You die...

♣....§~~~~..#...+...♣♣
♣♣~..♣.~.~..#...#...♣. ~♣♣
♣..~~..~§..#...####.# ~~~.§♣
♣♣.♣....♣......#....♣ ~..~~~♣
♣♣♣~~~♣~..#.##.##... ~t~~~..♣♣
♣~~~.§.........#... ♣~§~♣..♣♣
♣♣♣~..~~.........#...
.~~.)~..~♣♣♣♣~~f§~.....#.....#...
~~~♣.~~°°.♣♣~~.t@...~..#########.
.~~~~~.°~.~~§~i♣♣♣♣~~~...........
~~~~~.°○.~~♣.~♣♣ ♣..~...........
~§♣~○°♣°♣~~~§♣♣ ♣......♣♣♣...~~
~~~D~.~~♣~~.♣♣ ♣....~.♣♣♣♣.~.§
.~~.~..~~♣~.♣ ♣~...~~~♣ ♣.~~~
.....~...~~.♣ ♣~..~~.~♣♣♣♣.~.
....~~...>~.. ♣♣~..(♣♣~♣♣♣♣~~
.....i..~~♣~.♣ ♣.~♣<.♣~.♣.♣~.


You could see a shambling mangrove, an alligator (swift, drained) and a spriggan
rider.

Vanquished Creatures
  A ghoul (Swamp:2)
  An orc warlord (Bailey)
  A bunyip (Swamp:1)
  Josephine (Lair:4)
  A centaur warrior (D:11)
  Harold (D:10)
  9 hydras
  A death yak (Lair:2)
  5 alligators
  2 boulder beetles
  10 two-headed ogres
  3 thrashing horrors (Lair:5)
  A fire crab (Lair:5)
  2 skysharks (Lair:5)
  A goliath frog (Swamp:1)
  2 bog bodies
  5 swamp dragons
  A deep elf pyromancer (D:11)
  An oklob plant (Lair:4)
  2 manticores
  4 ugly things
  3 cyclopes (D:11)
  3 will-o-the-wisps (Swamp:2)
  12 elephants
  3 black mambas
  A guardian serpent (Lair:5)
  5 smoke demons (Lair:5)
  Psyche (D:8)
  A rime drake (shapeshifter) (Lair:5)
  2 torpor snails
  12 cane toads
  3 gargoyles (D:11)
  4 unseen horrors (D:11)
  3 rime drakes
  8 komodo dragons
  3 ancient zymes (Lair:5)
  10 trolls
  A polar bear (shapeshifter) (Lair:5)
  4 tyrant leeches
  3 hornets
  3 polar bears
  30 blink frogs
  A slime creature (D:11)
  Sigmund (D:6)
  A ynoxinul (Lair:5)
  3 spriggans
  55 yaks
  2 shadows (D:11)
  5 wyverns
  2 steam dragons
  2 vampires (D:12)
  11 wraiths
  5 basilisks
  6 swamp worms
  17 vampire mosquitoes
  A warg (D:12)
  An acid dragon (D:8)
  Duvessa (D:5)
  14 water moccasins
  5 orc warriors
  4 sky beasts
  An ogre (D:5)
  10 wolves
  5 centaurs
  A phantom (D:5)
  Blork the orc (D:5)
  A kobold brigand (D:10)
  12 bullfrogs
  2 necrophages (Swamp:2)
  A gnoll sergeant (D:11)
  12 small abominations (Lair:5)
  5 scorpions
  12 wights
  Dowan (D:5)
  11 killer bees
  6 howler monkeys
  4 hounds
  2 jellies
  3 sleepcaps
  6 orc priests
  6 iguanas
  An iron imp (D:10)
  11 orc wizards
  Jessica (D:3)
  6 gnolls
  7 adders
  2 shadow imps
  2 white imps
  An ufetubus (D:5)
  3 worms
  2 dart slugs (D:2)
  37 orcs
  6 endoplasms
  4 giant cockroaches
  14 goblins
  6 hobgoblins
  9 jackals
  3 quokkas
  6 ball pythons
  2 bats (D:1)
  A frilled lizard (D:2)
  28 kobolds
  3 rats
564 creatures vanquished.

Vanquished Creatures (collateral kills)
  A dart slug (D:1)
  2 ball pythons
  A jackal (D:1)
4 creatures vanquished.

Vanquished Creatures (others)
  A komodo dragon (D:11)
  A bloated husk (Swamp:1)
  6 foxfires (Swamp:2)
8 creatures vanquished.

Grand Total: 576 creatures vanquished

Notes
Turn   | Place    | Note
-------+----------+-------------------------------------------
     0 | D:1      | zazu2006 the Gnoll Wanderer began the quest for the Orb.
     0 | D:1      | zazu2006 set off with the following items: a +0 club, a
                  | potion of attraction, a scroll of teleportation, a +2 scale
                  | mail; and the following spell memorised: Summon Small
                  | Mammal; and the following spells available to memorise:
                  | Summon Guardian Golem.
     0 | D:1      | Reached XP level 1. HP: 17/17 MP: 6/6
    96 | D:1      | Reached XP level 2. HP: 5/23 MP: 7/7
   910 | D:2      | Reached skill level 5 in Spellcasting
   910 | D:2      | Reached XP level 3. HP: 28/28 MP: 4/9
   962 | D:2      | Reached skill level 1 in Invocations
  1154 | D:2      | Reached skill level 1 in Short Blades
  1154 | D:2      | Reached skill level 1 in Long Blades
  1154 | D:2      | Reached skill level 1 in Axes
  1154 | D:2      | Reached skill level 1 in Maces & Flails
  1154 | D:2      | Reached skill level 1 in Polearms
  1154 | D:2      | Reached skill level 1 in Staves
  1154 | D:2      | Reached skill level 1 in Ranged Weapons
  1154 | D:2      | Reached skill level 1 in Throwing
  1154 | D:2      | Reached skill level 1 in Dodging
  1154 | D:2      | Reached skill level 1 in Shields
  1154 | D:2      | Reached skill level 1 in Unarmed Combat
  1154 | D:2      | Reached skill level 1 in Evocations
  1206 | D:2      | Reached XP level 4. HP: 34/34 MP: 11/11
  1764 | D:3      | Reached skill level 1 in Conjurations
  1764 | D:3      | Reached skill level 1 in Hexes
  1764 | D:3      | Reached skill level 1 in Necromancy
  1764 | D:3      | Reached skill level 1 in Translocations
  1764 | D:3      | Reached skill level 1 in Transmutations
  1764 | D:3      | Reached skill level 1 in Fire Magic
  1764 | D:3      | Reached skill level 1 in Ice Magic
  1764 | D:3      | Reached skill level 1 in Air Magic
  1764 | D:3      | Reached skill level 1 in Earth Magic
  1764 | D:3      | Reached skill level 1 in Poison Magic
  1883 | D:3      | Noticed Jessica
  1893 | D:3      | Killed Jessica
  2312 | D:3      | Found a glowing golden altar of the Shining One.
  2484 | D:4      | Found Reptuc's General Store.
  2486 | D:4      | Noticed a sky beast
  2505 | D:4      | Killed a sky beast
  2506 | D:4      | Reached XP level 5. HP: 10/41 MP: 10/12
  2641 | D:4      | Reached XP level 6. HP: 45/47 MP: 11/13
  2813 | D:4      | Found a staircase to the Ecumenical Temple.
  2822 | Temple   | Entered the Ecumenical Temple
  2822 | Temple   | Found a transporter.
  2822 | Temple   | Found a transporter.
  2824 | Temple   | Found a transporter.
  2824 | Temple   | Found a transporter.
  2850 | Temple   | Became a worshipper of Vehumet
  2900 | D:4      | Found the +7 Throatcutter {drain, coup de grace}
  3347 | D:4      | Identified the ring of the Everdark {Fly rCorr Dex+6
                  | Stlth+}
  3530 | D:5      | Entered Level 5 of the Dungeon
  3545 | D:5      | Identified the +2 whip of the Shallot {flame, *Rage Str+6}
  3595 | D:5      | Found a glowing drain.
  3603 | D:5      | Reached * piety under Vehumet
  3603 | D:5      | Offered knowledge of Shock by Vehumet.
  3606 | Sewer    | Entered a sewer
  3658 | Sewer    | Noticed a water moccasin
  3663 | Sewer    | Killed a water moccasin
  3664 | Sewer    | Reached XP level 7. HP: 50/52 MP: 15/15
  3762 | D:5      | Reached skill level 9 in Armour
  3949 | D:5      | Noticed Blork the orc
  3957 | D:5      | Killed Blork the orc
  4017 | D:5      | Reached XP level 8. HP: 52/60 MP: 16/16
  4108 | D:5      | Noticed Duvessa
  4109 | D:5      | Noticed Dowan
  4113 | D:5      | Killed Duvessa
  4123 | D:5      | Killed Dowan
  4252 | D:5      | Learned a level 1 spell: Shock
  4469 | D:5      | Offered knowledge of Static Discharge by Vehumet.
  4476 | D:5      | Reached ** piety under Vehumet
  4955 | D:6      | Reached skill level 5 in Summonings
  5202 | D:6      | Noticed Sigmund
  5208 | D:6      | Killed Sigmund
  5209 | D:6      | Reached XP level 9. HP: 67/67 MP: 18/18
  5437 | D:7      | Reached skill level 5 in Fighting
  5527 | D:7      | Reached skill level 5 in Stealth
  5533 | D:7      | Found a flagged portal.
  5547 | Bailey   | Entered a bailey
  5554 | Bailey   | Noticed an orc warlord
  5561 | Bailey   | Offered knowledge of Ignite Poison by Vehumet.
  5623 | Bailey   | Reached *** piety under Vehumet
  5651 | Bailey   | Reached skill level 5 in Invocations
  5651 | Bailey   | Found a runed translucent gate.
  5656 | Bailey   | Found a runed translucent gate.
  5660 | Bailey   | Found a runed translucent gate.
  5802 | Bailey   | Offered knowledge of Fulminant Prism by Vehumet.
  5886 | Bailey   | Killed an orc warlord
  5887 | Bailey   | Reached skill level 5 in Short Blades
  5887 | Bailey   | Reached skill level 5 in Long Blades
  5887 | Bailey   | Reached skill level 5 in Axes
  5887 | Bailey   | Reached skill level 5 in Maces & Flails
  5887 | Bailey   | Reached skill level 5 in Polearms
  5887 | Bailey   | Reached skill level 5 in Staves
  5887 | Bailey   | Reached skill level 5 in Ranged Weapons
  5887 | Bailey   | Reached skill level 5 in Throwing
  5887 | Bailey   | Reached skill level 5 in Dodging
  5887 | Bailey   | Reached skill level 5 in Shields
  5887 | Bailey   | Reached skill level 5 in Unarmed Combat
  5887 | Bailey   | Reached skill level 5 in Evocations
  5887 | Bailey   | Reached XP level 10. HP: 16/76 MP: 20/20
  5896 | Bailey   | HP: 2/76 [orc warrior/+0 hand axe (8)]
  5901 | Bailey   | Reached skill level 10 in Armour
  5992 | Bailey   | Identified the +5 shortbow of the Manifold Tales {heavy,
                  | +Blink}
  6667 | D:7      | Found a sacrificial altar of Ru.
  7182 | D:8      | Identified the +1 robe of Yesterday {Rampage rPois}
  7192 | D:8      | Found a sparkling altar of Nemelex Xobeh.
  7235 | D:8      | Found an ancient bone altar of Kikubaaqudgha.
  7238 | D:8      | Found a burning altar of Makhleb.
  7281 | D:8      | Found an iron altar of Okawaru.
  7288 | D:8      | Noticed Psyche
  7385 | D:8      | Killed Psyche
  7385 | D:8      | Reached **** piety under Vehumet
  7417 | D:8      | Learned a level 3 spell: Dazzling Flash
  7820 | D:9      | Found Jiakh's One-of-a-Kind Rings.
  7842 | D:9      | Offered knowledge of Volatile Blastmotes by Vehumet.
  7957 | D:9      | Identified the +6 dagger "Dragonslayer" {flame, Dex+8}
  8005 | D:9      | Reached skill level 5 in Conjurations
  8005 | D:9      | Reached skill level 5 in Hexes
  8005 | D:9      | Reached skill level 5 in Necromancy
  8005 | D:9      | Reached skill level 5 in Translocations
  8005 | D:9      | Reached skill level 5 in Transmutations
  8005 | D:9      | Reached skill level 5 in Fire Magic
  8005 | D:9      | Reached skill level 5 in Ice Magic
  8005 | D:9      | Reached skill level 5 in Air Magic
  8005 | D:9      | Reached skill level 5 in Earth Magic
  8005 | D:9      | Reached skill level 5 in Poison Magic
  8007 | D:9      | Reached XP level 11. HP: 78/83 MP: 22/22
  8175 | D:9      | Noticed a two-headed ogre
  8179 | D:9      | Killed a two-headed ogre
  8233 | D:9      | Found a shimmering blue altar of Sif Muna.
  8511 | D:9      | Found a hazy altar of Hepliaklqana.
  8721 | D:10     | Entered Level 10 of the Dungeon
  8791 | D:10     | Found a snail-covered altar of Cheibriados.
  8832 | D:10     | Noticed Harold
  8846 | D:10     | Killed Harold
  8856 | D:10     | Found a stormy altar of Qazlal.
  8891 | D:10     | Found a staircase to the Lair.
  8891 | D:10     | Noticed a two-headed ogre
  8931 | D:10     | Killed a two-headed ogre
  8974 | D:10     | Reached skill level 11 in Armour
  9159 | D:10     | Found a white marble altar of Elyvilon.
  9299 | D:10     | Reached ***** piety under Vehumet
  9450 | D:10     | Noticed a two-headed ogre
  9464 | D:10     | Killed a two-headed ogre
  9545 | Lair:1   | Entered Level 1 of the Lair of Beasts
  9614 | Lair:1   | Offered knowledge of Arcjolt by Vehumet.
  9615 | Lair:1   | Reached XP level 12. HP: 72/91 MP: 24/24
 10761 | Lair:2   | Noticed a death yak
 10868 | Lair:3   | Noticed a six-headed hydra
 10907 | Lair:3   | Noticed a seven-headed hydra
 11159 | Lair:2   | Killed a death yak
 11420 | Lair:3   | Learned a level 3 spell: Stone Arrow
 11476 | Lair:3   | Reached XP level 13. HP: 38/99 MP: 26/26
 11575 | Lair:3   | Offered knowledge of Fireball by Vehumet.
 11589 | Lair:3   | Learned a level 5 spell: Fireball
 11955 | Lair:3   | Reached skill level 12 in Armour
 11997 | Lair:3   | Found a hole to the Spider Nest.
 12019 | Lair:3   | Reached skill level 10 in Spellcasting
 12483 | Lair:3   | Found a staircase to the Swamp.
 12793 | Lair:4   | Found a viscous altar of Jiyva.
 12794 | Lair:4   | Found a staircase to the Slime Pits.
 12868 | Lair:4   | Noticed Josephine
 13248 | Lair:4   | Found a glowing silver altar of Zin.
 13515 | Lair:4   | Killed Josephine
 14154 | Lair:5   | Entered Level 5 of the Lair of Beasts
 14154 | Lair:5   | Found the +7 great mace "Undeadhunter" {deathbane, rN+}
 14508 | Lair:5   | Reached skill level 10 in Invocations
 14508 | Lair:5   | Reached XP level 14. HP: 108/108 MP: 22/28
 15733 | Lair:5   | Identified the +6 hand axe of the Lurker {elec, Str+3
                  | Dex+5}
 15733 | Lair:5   | Identified the ring of Tilyigan {Fly rCorr Slay-6 Stlth+}
 15809 | Lair:5   | Reached skill level 10 in Fighting
 15817 | Lair:5   | Found a corrupted altar of Lugonu.
 15820 | Lair:5   | Offered knowledge of Eringya's Noxious Bog by Vehumet.
 15851 | Lair:5   | Found a one-way gate to the infinite horrors of the Abyss.
 16056 | Lair:5   | Reached skill level 10 in Stealth
 16272 | Lair:5   | Found the +3 pair of seven-league boots {Rampage+∞}
 16837 | D:11     | Reached skill level 10 in Short Blades
 16837 | D:11     | Reached skill level 10 in Long Blades
 16837 | D:11     | Reached skill level 10 in Axes
 16837 | D:11     | Reached skill level 10 in Maces & Flails
 16837 | D:11     | Reached skill level 10 in Polearms
 16837 | D:11     | Reached skill level 10 in Staves
 16837 | D:11     | Reached skill level 10 in Ranged Weapons
 16837 | D:11     | Reached skill level 10 in Throwing
 16837 | D:11     | Reached skill level 10 in Dodging
 16837 | D:11     | Reached skill level 10 in Shields
 16837 | D:11     | Reached skill level 10 in Unarmed Combat
 16837 | D:11     | Reached skill level 10 in Evocations
 16848 | D:11     | Identified the ring "Loebruibej" {AC+4 Int+4}
 16917 | D:11     | Reached skill level 13 in Armour
 17086 | D:11     | Reached XP level 15. HP: 97/117 MP: 30/30
 18147 | D:12     | Found an iron altar of Okawaru.
 18602 | D:12     | Found a staircase to the Orcish Mines.
 18702 | D:12     | Noticed Rupert
 18963 | Spider:1 | Entered Level 1 of the Spider Nest
 19029 | Swamp:1  | Entered Level 1 of the Swamp
 19052 | Swamp:1  | Offered knowledge of Plasma Beam by Vehumet.
 20076 | Swamp:2  | Noticed a ghoul
 20209 | Swamp:2  | Killed a ghoul
 20287 | Swamp:2  | HP: 4/118 [shambling mangrove (31)]
 20288 | Swamp:2  | Mangled by a shambling mangrove

Illustrated notes

Levels and vault maps discovered:
D:1:      amcnicky_arrival_abandoned_market, layout_basic
D:2:      layout_basic, minmay_pentomino_p4
D:3:      layout_basic, tso_altar, serial_co_window_serial, co_window_corner_a,
          co_window_paths_b, co_window_paths_a, co_window_paths_a,
          co_window_cross_1, co_window_paths_b, co_window_paths_a,
          co_window_broadway_a, co_window_unsneaky_path_c, co_window_corner_cb,
          co_window_corner_b, co_window_of_opportunity_c, co_window_4corner_b,
          co_window_paths_d, uniq_jessica
D:4:      minmay_octagon_keep, layout_cave_pools, minmay_temple_entry_grid,
          serial_shops, shop, nrook_mini_vaults, chequers_hall_statues_wall_a,
          dilly_guarded_unrand_throatcut
D:5:      layout_loops_ring, serial_aquarium, aquarium_bridge_long_separate
          [aquarium_subvault_wall, aquarium_subvault_wall,
          aquarium_subvault_bridge, aquarium_subvault_bridge,
          aquarium_subvault_bridge, aquarium_subvault_wall],
          aquarium_bridge_square [aquarium_subvault_wall,
          aquarium_subvault_bridge, aquarium_subvault_window,
          aquarium_subvault_bridge], aquarium_window_1, aquarium_window_fake,
          aquarium_view_2a, aquarium_view_2c, aquarium_balcony_3a,
          cheibrodos_sewer_entry_bend, minmay_circle_x, uniq_blork_the_orc,
          uniq_duvessa
D:6:      layout_loops_ring, minmay_misc_feat_plants, uniq_sigmund
D:7:      layout_loops_corners, nicolae_ru_the_path_less_chosen, enter_bailey_3
D:8:      layout_basic, grunt_temple_overflow_cloverleaf, uniq_psyche
D:9:      layout_roguey, mainiacjoe_overflow_cross_hatched,
          nzn_hepliaklqana_mist_gate, nicolae_shop_unique_rings, nicolae_wwwww
D:10:     layout_small_grid, general_overflow_altar,
          mainiacjoe_overflow_six_doors_small, chei_slow_surprise,
          minmay_lair_entry_grove, minmay_misc_feat_diagonals, uniq_harold
D:11:     nzn_winding_woodlands_medium [nzn_winding_woodlands_5x5_checkerboard,
          nzn_winding_woodlands_5x15_eye, nzn_winding_woodlands_5x5_three,
          nzn_winding_woodlands_5x5_closed_star,
          nzn_winding_woodlands_center_pierced_h,
          nzn_winding_woodlands_hourglass, nzn_winding_woodlands_5x5_default,
          nzn_winding_woodlands_5x15_crooked, nzn_winding_woodlands_5x5_cross],
          layout_gridville, minivault_5
D:12:     layout_basic, david_orc_3, minmay_fountain_box, okawaru_gym_becter,
          uniq_rupert
Temple:   hellmonk_temple_divided_pantheon
Lair:1:   layout_chaotic_city, grunt_megastairs_2
Lair:2:   layout_gridlike, infiniplex_staircase_pool
Lair:3:   layout_hall_layers, palyth_hydra_swamp_entry,
          spider_nest_entry_web_field
Lair:4:   layout_layer_cave, slime_entry_1, basic_altar,
          minmay_lair_oklob_items, st_stairs_12, uniq_josephine
Lair:5:   hellmonk_lair_end_abyssal_woods, layout_small_grid,
          hellmonk_guarded_unrand_seven_league_boots,
          infiniplex_staircase_pool_2
Swamp:1:  layout_falls_marsh, hangedman_swamp_lotus, swamp_pool2,
          nicolae_swamp_round_clearing
Swamp:2:  layout_falls_marsh, evilmike_swamp_ruin_house_5
Spider:1: layout_spider_delve

Skill      XL: |  1  2  3  4  5  6  7  8  9 10 11 12 13 14 15 |
---------------+----------------------------------------------+-----
Spellcasting   | 5 6 7 8 9 10 11 | 11.8
Invocations    | 1 2 3 4 5 6 7 8 10 11 | 11.6
Short Blades   | 1 2 3 4 5 6 7 8 9 10 | 10.7
Long Blades    | 1 2 3 4 5 6 7 8 9 10 | 10.7
Axes           | 1 2 3 4 5 6 7 8 9 10 | 10.7
Maces & Flails | 1 2 3 4 5 6 7 8 9 10 | 10.7
Polearms       | 1 2 3 4 5 6 7 8 9 10 | 10.7
Staves         | 1 2 3 4 5 6 7 8 9 10 | 10.7
Ranged Weapons | 1 2 3 4 5 6 7 8 9 10 | 10.7
Throwing       | 1 2 3 4 5 6 7 8 9 10 | 10.7
Dodging        | 1 2 3 4 5 6 7 8 9 10 | 10.7
Shields        | 1 2 3 4 5 6 7 8 9 10 | 10.7
Unarmed Combat | 1 2 3 4 5 6 7 8 9 10 | 10.7
Evocations     | 1 2 3 4 5 6 7 8 9 10 | 10.7
Conjurations   | 1 2 3 4 5 6 7 8 9 |  9.0
Hexes          | 1 2 3 4 5 6 7 8 9 |  9.0
Necromancy     | 1 2 3 4 5 6 7 8 9 |  9.0
Translocations | 1 2 3 4 5 6 7 8 9 |  9.0
Transmutations | 1 2 3 4 5 6 7 8 9 |  9.0
Fire Magic     | 1 2 3 4 5 6 7 8 9 |  9.0
Ice Magic      | 1 2 3 4 5 6 7 8 9 |  9.0
Air Magic      | 1 2 3 4 5 6 7 8 9 |  9.0
Earth Magic    | 1 2 3 4 5 6 7 8 9 |  9.0
Poison Magic   | 1 2 3 4 5 6 7 8 9 |  9.0
Fighting       | 3 4 5 6 7 8 9 10 11 | 11.0
Summonings     | 4 5 6 7 8 9 |  9.8
Stealth        | 3 4 5 6 7 8 9 10 11 | 11.0
Armour         | 9 10 11 12 13 | 13.5

Action                     |  1- 3 |  4- 6 |  7- 9 | 10-12 | 13-15 || total
---------------------------+-------+-------+-------+-------+-------++-------
  Melee: Club              |    82 |       |       |       |       ||    82
         Bite              |     9 |     8 |    12 |    65 |   151 ||   245
         Dagger            |    48 |   112 |       |       |       ||   160
         Mace              |     3 |       |       |       |       ||     3
         Punch             |       |     3 |     1 |    21 |    46 ||    71
         Long sword        |       |    32 |   171 |   499 |   964 ||  1666
   Cast: Summon Small Mamm |    12 |    20 |       |     2 |       ||    34
         Shock             |       |       |       |    11 |    28 ||    39
         Dazzling Flash    |       |       |       |     7 |    28 ||    35
         Stone Arrow       |       |       |       |       |   190 ||   190
  Evoke: Wand              |       |       |     9 |     2 |     4 ||    15
    Use: Scroll            |       |     1 |     4 |    15 |     9 ||    29
         Potion            |       |       |       |     4 |     4 ||     8
   Stab: Distracted        |       |       |     2 |     1 |     1 ||     4
         Sleeping          |       |       |     5 |    18 |    21 ||    44
         Paralysed         |       |       |       |     3 |       ||     3
         Invisible         |       |       |       |     4 |    12 ||    16
 Armour: Scale mail        |    98 |    72 |    67 |    46 |       ||   283
         Acid dragon scale |       |       |       |   134 |   353 ||   487
         Skin              |       |       |       |     2 |       ||     2
  Dodge: Dodged            |    86 |    59 |    76 |   378 |   804 ||  1403
  Block: Kite shield       |       |       |       |       |   212 ||   212
